AoeStats
← Long John Silver

African Clearing

505945569Analyzed
3v3 RM · 21d ago on Sep 11, 2026· 40m 41s· 6 players
Game mode
Random Map
Map size
Normal (6 player)
Population
200
Speed
Normal
Resources
Standard
Victory
Conquest
Starting age
Dark Age
Ending age
Imperial Age
RankedLock teamsTeams togetherTeam positionsShared explorationLock speedFull tech treeHidden civsTurbo modeCheats
Victory
Defeat
🇩🇪 Sicilians · Germany
1453
+12
🇳🇱 Tatars · Netherlands
1392
+15
🇩🇪 Bulgarians · Germany
1338
+18
🇻🇳 Malay · Vietnam
1394
-16
1388
-16
🇻🇳 Maya · Vietnam
1316
-13
JustNobody
10:42 Loom
13:03 Feudal Age
15:26 Bloodlines
16:32 Scale Barding Armor
19:48 Castle Age
19:19 Bloodlines
20:37 Light Cavalry
23:33 Husbandry
24:07 Fletching
25:49 Wheelbarrow
25:18 Padded Archer Armor
25:46 Town Watch
26:06 Bodkin Arrow
30:33 Ballistics
31:06 Leather Archer Armor
40:21 Imperial Age
39:40 Hand Cart
40:10 Silk Armor
40:25 Heavy Cavalry Archer
^ScArFaCe^
8:04 Loom
14:11 Feudal Age
15:08 Double-Bit Axe
17:46 Castle Age
15:59 Gold Mining
18:48 Bow Saw
18:21 Horse Collar
19:51 Scale Barding Armor
23:10 Forging
26:33 Heavy Plow
26:33 Fletching
28:19 Chain Barding Armor
30:08 Bodkin Arrow
30:35 Ballistics
31:09 Gold Shaft Mining
32:39 Iron Casting
33:50 Bloodlines
37:09 Wheelbarrow
36:21 Town Watch
40:27 Imperial Age
38:30 Stone Mining
40:28 Elite Konnik
41:48 Plate Barding Armor
Long John Silver
12:40 Feudal Age
16:11 Castle Age
14:14 Double-Bit Axe
14:11 Horse Collar
14:47 Loom
17:32 Bow Saw
18:49 Wheelbarrow
18:00 Town Watch
23:36 Heavy Plow
30:34 Imperial Age
28:46 Scale Barding Armor
28:39 Stone Mining
28:43 Gold Mining
30:21 Chain Barding Armor
30:13 Forging
30:39 Hand Cart
30:37 Bloodlines
30:28 Husbandry
31:37 Hauberk
32:45 Plate Barding Armor
32:37 Conscription
33:43 Iron Casting
32:29 Cavalier
35:21 Chemistry
35:03 Siege Engineers
36:30 Blast Furnace
36:36 Hoardings
36:04 Scale Mail Armor
35:56 Fletching
37:46 Chain Mail Armor
37:26 Bodkin Arrow
37:56 Ballistics
38:44 Crop Rotation
38:49 Gold Shaft Mining
38:50 Stone Shaft Mining
38:47 Plate Mail Armor
39:23 Bracer
40:31 Masonry
TạNgànCân
7:25 Loom
13:46 Feudal Age
18:39 Castle Age
16:57 Fletching
17:21 Double-Bit Axe
17:58 Gold Mining
19:33 Bow Saw
23:07 Bodkin Arrow
24:02 Husbandry
26:29 Ballistics
29:47 Thumb Ring
30:51 Padded Archer Armor
34:30 Wheelbarrow
34:19 Stone Mining
Nhà vô địt Chow 007
13:41 Feudal Age
11:59 Loom
13:51 Feudal Age
15:23 Horse Collar
15:29 Double-Bit Axe
19:22 Castle Age
21:47 Wheelbarrow
21:25 Bow Saw
21:15 Heavy Plow
29:39 Gold Mining
29:40 Stone Mining
34:24 Imperial Age
32:09 Scale Mail Armor
32:33 Squires
31:54 Man-at-Arms
32:20 Gambesons
32:21 Arson
32:59 Forging
33:20 Hand Cart
33:11 Caravan
32:52 Pikeman
33:49 Chain Mail Armor
34:11 Ballistics
34:45 Iron Casting
33:31 Long Swordsman
34:13 Padded Archer Armor
33:50 Elite Skirmisher
34:25 Fletching
36:14 Chemistry
34:59 Halberdier
35:27 Two-Handed Swordsman
36:32 Thumb Ring
39:35 Wootz Steel
TanLN
3:13 Loom
12:10 Feudal Age
13:06 Double-Bit Axe
20:16 Castle Age
18:28 Fletching
23:51 Bodkin Arrow
29:22 Bow Saw
31:08 Wheelbarrow
31:11 Padded Archer Armor
31:06 Horse Collar
31:44 Gold Mining
32:55 Stone Mining
32:59 Fishing Lines
33:54 Ballistics
38:44 Imperial Age
36:35 Squires
36:22 Pikeman
37:23 Thumb Ring
40:28 Imperial Age
38:29 Scale Mail Armor
38:39 Forging
37:53 Crossbowman
38:25 Elite Skirmisher
39:59 Stone Shaft Mining
40:11 Chain Mail Armor
Connection lost

Rejoining the realm…

Still unreachable

The connection could not be restored.

Session expired

The server has moved on; the page needs a fresh start.